 Dungeon Crawl Stone Soup version 0.28.0-53-g5a82cb258f (webtiles) character file.

Game seed: 12225010263720689838

69 Faeu the Chopper (level 4, 0/41 HPs)
             Began as a Minotaur Berserker on May 23, 2022.
             Was a Believer of Trog.
             Slain by an orc wizard
             ... wielding a +0 dagger
              (2 damage)
             ... on level 2 of the Dungeon.
             The game lasted 00:01:15 (1546 turns).

Faeu the Chopper (Minotaur Berserker)               Turns: 1546, Time: 00:01:15

Health: 0/41       AC:  2    Str: 24    XL:     4   Next: 2%
Magic:  3/3        EV: 12    Int:  4    God:    Trog [**....]
Gold:   118        SH:  0    Dex:  9    Spells: 3/3 levels left

rFire   . . .      SeeInvis .   a - +0 hand axe {axe}
rCold   . . .      Faith    .   (no shield)
rNeg    . . .      Spirit   .   b - +0 animal skin
rPois   .          Reflect  .   (helmet restricted)
rElec   .          Harm     .   (no cloak)
rCorr   .          Rampage  .   (no gloves)
Will    .....                   (no boots)
Stlth   +.........              (no amulet)
HPRegen 0.13/turn               (no ring)
MPRegen 0.08/turn               (no ring)

@: confused, on berserk cooldown, slowed, very slow
A: horns 2, retaliatory headbutt
a: Renounce Religion, Berserk, Trog's Hand


You were on level 2 of the Dungeon.
You worshipped Trog.
Trog was pleased with you.
You visited 1 branch of the dungeon, and saw 3 of its levels.

You collected 118 gold pieces.


Innate Abilities, Weirdness & Mutations

You have a pair of horns on your head.
You reflexively headbutt those who attack you in melee.


   Skills:
 + Level 4.9 Fighting
 + Level 4.9 Axes
 - Level 2.4 Armour
 - Level 2.1 Dodging


You had 3 spell levels left.
You didn't know any spells.
Your spell library was empty.

Inventory:

Hand Weapons
 a - a +0 hand axe (weapon) {axe}
Armour
 b - a +0 animal skin (worn)
 c - a +0 pair of boots
   (You found it on level 1 of the Dungeon)
Scrolls
 e - a scroll of teleportation {unknown}
 f - a scroll of noise {unknown}
 g - 4 scrolls of brand weapon {unknown}
 i - a scroll of enchant weapon {unknown}
 j - a scroll of fear {unknown}
 k - a scroll of identify {unknown}
 l - 2 scrolls of fog {unknown}
 m - a scroll of enchant armour {unknown}
Potions
 d - 2 potions of curing {unknown}
 h - a potion of heal wounds {unknown}

Dungeon Overview and Level Annotations

Branches:
Dungeon (3/15)

Altars:
Nemelex Xobeh

Annotations:
D:3 Ijyb

###########
#.........#
########.........#
#.....##.........#
#.###.##.........#
#.###............#
#@)...##.........#
#>{...............
#)....#..........#
#.....#..........#
#.#####..........#
#.#####......#####
#............'...'
#######......#####
#......# #


There were no monsters in sight!


Message History

Trog accepts your kill. The orc hits you with a +0 hand axe.
The orc wizard hits you with a +0 dagger. 😮 HP[+5]
You now have 52 max hp (+18).
You regained 5 hp, and now have 27/52 hp.
Calm down first, please.
You are too injured to fight recklessly!
Calm down first, please.
You are too injured to fight recklessly!
Calm down first, please.
You are too injured to fight recklessly!
Calm down first, please.
You are too injured to fight recklessly!
You hit the orc but do no damage. You headbutt the orc.
You kill the orc!
Trog accepts your kill.
You can now call upon Trog for regeneration and willpower.
You closely miss the orc wizard.
You have reached level 4!
You feel stronger. 😮 HP[+5] MP[+1]
You now have 61 max hp (+9).
You regained 5 hp, and now have 32/61 hp.
Your mp is fully restored (3).
You closely miss the orc wizard. Your headbutt misses the orc wizard.
The orc wizard gestures at you while chanting.
You are confused.
You bump into the rock wall.
You bump into the rock wall.
You feel a strong urge to attack something.
The orc wizard hits you with a +0 dagger. 😮 HP[-1]
You take 1 damage, and now have 31/61 hp.
Things that are here:
a +0 flail {mace}; an orc corpse You feel your anger nearly subside.
You are no longer berserk.
You are exhausted.
You feel yourself slow down.
The orc wizard hits you with a +0 dagger.
* * * LOW HITPOINT WARNING * * *
😨 HP[-11]
You now have 41 max hp (-20).
You closely miss the orc wizard. The orc wizard casts a spell at you.
You are more confused.
The orc wizard hits you with a +0 dagger.
* * * LOW HITPOINT WARNING * * *
The orc wizard gestures at you while chanting.
You resist with some effort. 😨 HP[-3]
You take 3 damage, and now have 17/41 hp.
The orc wizard points at you and mumbles some strange words.
You are more confused. 😨 HP[+1]
The orc wizard points at you and mumbles some strange words.
The puff of flame hits you.
* * * LOW HITPOINT WARNING * * *
The orc wizard hits you with a +0 dagger.
* * * LOW HITPOINT WARNING * * *
There is a stone staircase leading down here. 😨 HP[-6]
You take 6 damage, and now have 12/41 hp.
The orc wizard points at you and mumbles some strange words.
You resist with some effort.
You bump into the rock wall.
The orc wizard barely misses you.
The orc wizard gestures at you while chanting.
The magic dart hits you.
* * * LOW HITPOINT WARNING * * *
😱 HP[-6]
You take 6 damage, and now have 6/41 hp.
You bump into the rock wall.
The orc wizard completely misses you.
You miss the orc wizard.
The orc wizard hits you with a +0 dagger.
* * * LOW HITPOINT WARNING * * *
The orc wizard hits you but does no damage.
You hit the orc wizard but do no damage.
Your headbutt misses the orc wizard.
You feel less confused. The orc wizard completely misses you.
You barely miss the orc wizard.
The orc wizard casts a spell.
The orc wizard flickers and vanishes!
Deactivating autopickup; reactivate with Ctrl-A.
Something hits you but does no damage.
You barely miss something. Your headbutt misses something.
You hear some strange, mumbled words.
You are confused.
Something hits you.
* * * LOW HITPOINT WARNING * * *
😱 HP[-1]
You take 1 damage, and now have 5/41 hp.
You bump into the rock wall.
Something hits you.
* * * LOW HITPOINT WARNING * * *
😱 HP[-1]
You take 1 damage, and now have 4/41 hp.
You hit something. Something hits you.
* * * LOW HITPOINT WARNING * * *
Something hits you.
You die...

Skill      XL: |  1 |
---------------+----+-----
Fighting       | 4 |  4.9
Axes           | 4 |  4.9
Armour         | |  2.4
Dodging        | |  2.1

Action                   |  1- 3 |  4- 6 || total
-------------------------+-------+-------++-------
Melee: Hand axe          |    57 |     7 ||    64
       Headbutt          |     5 |       ||     5
Invok: Berserk           |     1 |       ||     1
Armor: Animal skin       |    10 |     2 ||    12
Dodge: Dodged            |    44 |     3 ||    47

Levels and vault maps discovered:
D:1:      nagdon_arrival_double_spiral, layout_loops_ring,
          shapermc_ecumenical_altar_mp_vishouse, fountainhead,
          minmay_pentomino_v4
D:2:      layout_basic, basic_altar
D:3:      layout_loops_corners, uniq_ijyb, uniq_crazy_yiuf_cottage

Notes
Turn   | Place    | Note
-------+----------+-------------------------------------------
     0 | D:1      | Faeu the Minotaur Berserker began the quest for the Orb.
     0 | D:1      | Reached XP level 1. HP: 19/19 MP: 0/0
     0 | D:1      | magus.rc [v1.9.6]
   126 | D:1      | Reached skill level 4 in Fighting
   126 | D:1      | Reached skill level 4 in Axes
   126 | D:1      | Reached XP level 2. HP: 27/27 MP: 1/1
   660 | D:1      | Found a faded altar of an unknown god.
   984 | D:2      | Reached XP level 3. HP: 31/34 MP: 2/2
  1157 | D:2      | Found a sparkling altar of Nemelex Xobeh.
  1305 | D:2      | Reached ** piety under Trog
  1522 | D:3      | Noticed Ijyb
  1529 | D:2      | Reached XP level 4. HP: 32/41 MP: 3/3
  1539 | D:2      | HP: 6/41 [orc wizard/magic dart (6)]
  1544 | D:2      | HP: 5/41 [something (1)]
  1546 | D:2      | HP: 2/41 [something (3)]
  1546 | D:2      | Slain by an orc wizard

Vanquished Creatures
  An orc priest (D:2)
  A dart slug (D:1)
  An orc (D:2)
  3 bats
  4 endoplasms (D:1)
  A giant cockroach (D:1)
  6 goblins
  4 hobgoblins
  2 quokkas
  A ball python (D:1)
  4 frilled lizards
  4 rats
32 creatures vanquished.

Table legend:
 A = Non-vault XP
 B = Vault XP
 C = Vault XP percentage of total XP
 D = Non-vault monster count
 E = Vault monster count
 F = Vault count percentage of total count
                 A         B        C        D         E       F
            +---------+---------+-------+---------+---------+-------
      Total |      97 |       2 |   2.0 |      31 |       1 |   3.1
            +---------+---------+-------+---------+---------+-------
        D:1 |      36 |       2 |   5.3 |      20 |       1 |   4.8
        D:2 |      61 |       0 |   0.0 |      11 |       0 |   0.0
            +---------+---------+-------+---------+---------+-------

Illustrated notes

Table legend:
 A = Kills in this place as a percentage of kills in entire the game.
 B = Kills by you in this place as a percentage of kills by you in the entire game.
 C = Kills by friends in this place as a percentage of kills by friends in the entire game.
 D = Other kills in this place as a percentage of other kills in the entire game.
 E = Experience gained in this place as a percentage of experience gained in the entire game.
 F = Experience gained in this place divided by the number of levels of this place that you have seen.
                   A       B       C       D       E      F
               +-------+-------+-------+-------+-------+----------------------
         Total | 100.0 | 100.0 |   N/A |   N/A | 100.0 |  33.0
       Dungeon | 100.0 | 100.0 |   N/A |   N/A | 100.0 |  33.0
               +-------+-------+-------+-------+-------+----------------------

Table legend: (Time is in decaauts)
 A = Elapsed time spent in this place.
 B = Non-inter-level travel time spent in this place.
 C = Inter-level travel time spent in this place.
 D = Time resting spent in this place.
 E = Time spent auto-exploring this place.
 F = Levels seen in this place.
 G = Mean time per level.
                   A        B        C        D        E       F      G
               +--------+--------+--------+--------+--------+-----+--------+
         Total |   1555 |   1515 |     40 |      0 |   1318 |   3 |  518.3 |
       Dungeon |   1555 |   1515 |     40 |      0 |   1318 |   3 |  518.3 |
               +--------+--------+--------+--------+--------+-----+--------+

Top non-repeatable levels by time:
     D:1: 851 daAuts
     D:2: 701 daAuts
     D:3: 2 daAuts
